RedWings vs Kings

Created - February 14, 2017 at 17:57

Goals
1 2 3 T
RedWings 0 1 3 4
Kings 3 1 2 6
Shots
1 2 3 T
RedWings 10 25 14 49
Kings 14 2 16 32

1st period

1. Kings , Dan Hamhuis 4 (Victor Rask, Mikael Granlund) at 14:04
2. Kings , Oscar Lindberg 6 (Tomas Tatar, Fedor Tyutin) at 14:34
3. Kings , Niklas Kronwall 5 (Tomas Tatar, Daniel Sedin) at 19:42

Penalties :
Scott Hartnell (LOS) for Holding (Minor) at 7:27

2nd period

4. Kings , Patrik Berglund 15 (Nikita Soshnikov) at 2:50
5. RedWings , Filip Forsberg 33 (Paul Martin, Tyler Toffoli) at 6:04

Penalties :
Oscar Lindberg (LOS) for Cross-checking (Minor) at 3:46, Niklas Kronwall (LOS) for Holding (Minor) at 6:11, Scott Hartnell (LOS) for Diving (Minor) at 14:34, Fedor Tyutin (LOS) for Holding Stick (Minor) at 16:39, Fedor Tyutin (LOS) for Goalie Interference (Minor) at 19:07, Kevin Connauton (DET) for Hooking (Minor) at 19:36

3rd period

6. Kings , Patrik Berglund 16 (Victor Rask, Dan Hamhuis) at 2:37 (PP)
7. Kings , Niklas Kronwall 6 (Zemgus Girgensons, J.T. Brown) at 11:17
8. RedWings , Erik Haula 22 (Alexandre Burrows, Zach Trotman) at 15:52
9. RedWings , Alexandre Burrows 9 (Erik Haula) at 18:03
10. RedWings , Loui Eriksson 29 (Paul Martin, Andrew Cogliano) at 18:22 (PP)

Penalties :
Filip Forsberg (DET) for Delaying the game (Minor) at 2:25, Eric Gryba (DET) for Holding (Minor) at 5:04, Oscar Lindberg (LOS) for Slashing (Minor) at 18:14, Oscar Lindberg (LOS) for High sticking (Minor) at 18:23, Filip Forsberg (DET) for Holding (Minor) at 19:23

Goalie Stats

Mike Condon (DET), 15 saves from 20 shots - (0.750), L, 15-10-0, 42:37 minutes
Roberto Luongo (DET), 11 saves from 12 shots - (0.917), 17:23 minutes
Scott Wedgewood (LOS), 45 saves from 49 shots - (0.918), W, 2-3-1, 60:00 minutes

Players Stats for RedWings

Player Name              G  A  P  +/- PIM S  H  SB GA TA FO     MP     PP MP  PK MP  
------------------------------------------------------------------------------------
Alexandre Burrows        1  1  2   1  0   2  2  0  0  0  0/0     7:02   0:00   0:00 
Andrew Campbell          0  0  0  -1  0   2  1  0  0  0  0/0    20:25   4:56   1:10 
Andrew Cogliano          0  1  1  -1  0   1  3  1  0  0  6/7    15:33   7:01   0:27 
David Pastrnak           0  0  0  -3  0   4  1  0  0  0  1/4    19:38   4:31   0:00 
Eric Gryba               0  0  0   2  2   0  0  2  0  0  0/0    13:41   0:00   0:04 
Erik Haula               1  1  2   1  0   4  0  0  0  0  3/13   14:22   4:31   2:13 
Filip Forsberg           1  0  1   1  4   10 3  0  0  0  1/1    21:31   4:30   0:27 
Jonathan Drouin          0  0  0   1  0   2  0  0  0  0  0/0    15:34   0:00   0:00 
Kevin Connauton          0  0  0  -2  2   2  4  5  0  0  0/0    20:15   4:55   1:26 
Loui Eriksson            1  0  1  -3  0   7  1  0  0  0  0/3    22:08   7:01   0:00 
Micheal Ferland          0  0  0  -1  0   0  0  0  0  0  0/0     5:59   0:00   0:00 
Mikhail Grabovski        0  0  0   1  0   2  1  0  0  0  8/14    7:31   0:00   0:00 
Paul Martin              0  2  2  -2  0   3  2  3  0  0  0/0    26:53   6:36   1:25 
Sean Monahan             0  0  0  -3  0   1  1  0  0  0  5/16   15:07   0:00   0:00 
Thomas Hickey            0  0  0  -3  0   1  0  1  0  0  0/0    17:07   0:00   0:00 
Tyler Toffoli            0  1  1   1  0   4  1  0  0  0  12/21  15:34   0:00   0:00 
Vincent Lecavalier       0  0  0  -1  0   1  0  0  0  0  9/25   15:13   7:01   2:13 
Zach Trotman             0  1  1   2  0   3  1  0  0  0  0/0    21:37   6:36   1:15 

Players Stats for Kings

Player Name              G  A  P  +/- PIM S  H  SB GA TA FO     MP     PP MP  PK MP  
------------------------------------------------------------------------------------
Chris Kunitz             0  0  0  -1  0   2  3  0  0  0  0/0     9:29   0:25   0:00 
Cody Goloubef            0  0  0  -1  0   0  0  1  0  0  0/0    17:26   0:00   5:43 
Dan Hamhuis              1  1  2   2  0   1  0  4  0  0  0/0    26:51   1:20   6:54 
Daniel Sedin             0  1  1   2  0   4  1  0  0  0  2/4    23:56   1:18   3:36 
Derek MacKenzie          0  0  0   1  0   2  2  0  0  0  20/27  12:55   1:43   7:56 
Evgeny Medvedev          0  0  0  -1  0   0  1  0  0  0  0/0    11:39   0:00   0:32 
Fedor Tyutin             0  1  1   1  4   0  2  1  0  0  0/0    20:21   0:00   4:19 
J.T. Brown               0  1  1   1  0   1  0  1  0  0  2/2    11:12   0:00   7:56 
Mikael Granlund          0  1  1   0  0   1  0  0  0  0  15/24  15:23   0:57   0:00 
Nikita Soshnikov         0  1  1  -1  0   3  3  0  0  0  0/1     9:04   0:00   0:00 
Niklas Kronwall          2  0  2   2  2   2  1  0  0  0  0/0    25:32   1:20   5:36 
Oscar Lindberg           1  0  1   2  6   1  5  0  0  0  8/21   16:53   0:00   0:00 
Patrik Berglund          2  0  2  -1  0   5  0  0  0  0  10/22  15:43   0:57   3:36 
Scott Hartnell           0  0  0   0  4   4  4  0  0  0  1/1    16:07   1:43   0:00 
Stephen Johns            0  0  0   1  0   0  1  2  0  0  0/0    15:28   0:00   0:00 
Tomas Tatar              0  2  2   2  0   2  0  1  0  0  0/1    18:16   1:20   0:00 
Victor Rask              0  2  2   0  0   4  0  0  0  0  1/1    15:23   0:57   0:00 
Zemgus Girgensons        0  1  1   1  0   0  0  0  0  0  0/0     4:36   1:20   0:00 

3 Stars

1 - Niklas Kronwall (LOS)
2 - Dan Hamhuis (LOS)
3 - Alexandre Burrows (DET)

Power Play

RedWings - 1 on 8 Attempt(s) - 12.50%
Kings - 1 on 4 Attempt(s) - 25.00%

Penalty Kill

RedWings - 3 on 4 Attempt(s) - 75.00% - Score 0 goal in Penalty Kill
Kings - 7 on 8 Attempt(s) - 87.50% - Score 0 goal in Penalty Kill

Team Stat

RedWings - Hits : 21 - Faceoff Wins : 45 - Blocked Shots : 12 - Penalty Minutes : 8
Kings - Hits : 23 - Faceoff Wins : 59 - Blocked Shots : 10 - Penalty Minutes : 16

Official

Referees : Francois StLaurent and Brad Watson
Linesman : Mark Wheler and Greg Devorski

Game Notes

Roberto Luongo enters game at 2:37 of 3rd period

Finance

Level 1 -- Attendance: 6500 (100.00%) -- Ticket Income $487,500
Level 2 -- Attendance: 4786 (95.72%) -- Ticket Income $311,090
Level 3 -- Attendance: 3387 (96.77%) -- Ticket Income $169,350
Level 4 -- Attendance: 1879 (88.72%) -- Ticket Income $84,555
Luxury Box -- Attendance: 1000 (100.00%) -- Ticket Income $190,000
Game was played at the Staples Center.
Total Attendance: 17552 (96.88%)
Total Ticket Income: $1,242,495
Other Income: $186,374
Total Income: $1,428,869

% Time on Ice - RedWings

Lines # - Real PCT - Wanted PCT - Time Play
Normal Forward
1 - 35% - 35% - 15:07
2 - 36% - 35% - 15:34
3 - 16% - 20% - 7:02
4 - 14% - 10% - 5:59
Normal Defense
1 - 32% - 40% - 13:56
2 - 30% - 30% - 13:18
3 - 29% - 20% - 12:39
4 - 9% - 10% - 3:49
PP Forward
1 - 61% - 60% - 7:01
2 - 39% - 40% - 4:31
PP Defense
1 - 57% - 60% - 6:36
2 - 43% - 40% - 4:56
PK Forward
1 - 83% - 60% - 2:13
2 - 17% - 40% - 0:27
PK Defense
1 - 53% - 60% - 1:25
2 - 47% - 40% - 1:15
PK3 Forward
1 - 0% - 60%
2 - 0% - 40%
PK3 Defense
1 - 0% - 60%
2 - 0% - 40%
44 Forward
1 - 100% - 60% - 2:06
2 - 0% - 40% - 0:00
44 Defense
1 - 53% - 60% - 1:07
2 - 47% - 40% - 0:59
Last Minute Offensive  - 0:00
Last Minute Defensive  - 0:00
Total
Forward - 60:00
Defense - 60:00

% Time on Ice - Kings

Lines # - Real PCT - Wanted PCT - Time Play
Normal Forward
1 - 39% - 40% - 16:56
2 - 33% - 30% - 14:26
3 - 21% - 20% - 9:04
4 - 7% - 10% - 3:16
Normal Defense
1 - 39% - 40% - 16:57
2 - 35% - 30% - 15:28
3 - 24% - 20% - 10:31
4 - 2% - 10% - 0:46
PP Forward
1 - 64% - 60% - 1:43
2 - 36% - 40% - 0:57
PP Defense
1 - 50% - 60% - 1:20
2 - 50% - 40% - 1:20
PK Forward
1 - 69% - 60% - 7:56
2 - 31% - 40% - 3:36
PK Defense
1 - 56% - 60% - 6:25
2 - 44% - 40% - 5:07
PK3 Forward
1 - 0% - 60%
2 - 0% - 40%
PK3 Defense
1 - 0% - 60%
2 - 0% - 40%
44 Forward
1 - 100% - 60% - 2:06
2 - 0% - 40% - 0:00
44 Defense
1 - 43% - 60% - 0:54
2 - 57% - 40% - 1:12
Last Minute Offensive  - 0:00
Last Minute Defensive  - 0:00
Total
Forward - 60:00
Defense - 60:00

Play by Play

1st period


0:01 of 1st period - Daniel Sedin wins face-off versus Sean Monahan in neutral zone.
0:28 of 1st period - Shot by Tomas Tatar.
0:28 of 1st period - Deflect By Daniel Sedin.
0:28 of 1st period - Shot Misses the Net.
0:41 of 1st period - Off-side.
0:42 of 1st period - Tyler Toffoli wins face-off versus Mikael Granlund in neutral zone.
0:53 of 1st period - Thomas Hickey is hit by Scott Hartnell and loses puck.
1:02 of 1st period - Shot by Mikael Granlund.
1:02 of 1st period - Shot Misses the Net.
1:04 of 1st period - Shot by Fedor Tyutin.
1:04 of 1st period - Shot Blocked by Thomas Hickey.
1:12 of 1st period - Shot by Mikael Granlund.
1:12 of 1st period - Shot Misses the Net.
1:14 of 1st period - Shot by Mikael Granlund.
1:14 of 1st period - Stopped by Mike Condon without a rebound.
1:15 of 1st period - Mikhail Grabovski wins face-off versus Patrik Berglund in RedWings zone.
1:26 of 1st period - Shot by Erik Haula.
1:26 of 1st period - Shot Misses the Net.
1:42 of 1st period - Shot by Chris Kunitz.
1:42 of 1st period - Shot Blocked by Eric Gryba.
1:44 of 1st period - Shot by Nikita Soshnikov.
1:44 of 1st period - Stopped by Mike Condon with a rebound.
2:14 of 1st period - Icing by Zach Trotman.
2:15 of 1st period - Mikhail Grabovski wins face-off versus Tomas Tatar in RedWings zone.
2:38 of 1st period - Daniel Sedin is hit by Andrew Campbell and loses puck.
3:14 of 1st period - Mikael Granlund is hit by Paul Martin and loses puck.
3:21 of 1st period - Shot by Victor Rask.
3:21 of 1st period - Stopped by Mike Condon without a rebound.
3:22 of 1st period - Derek MacKenzie wins face-off versus Sean Monahan in RedWings zone.
4:14 of 1st period - Shot by Vincent Lecavalier.
4:14 of 1st period - Stopped by Scott Wedgewood without a rebound.
4:15 of 1st period - Mikael Granlund wins face-off versus Vincent Lecavalier in Kings zone.
4:32 of 1st period - Shot by Andrew Cogliano.
4:32 of 1st period - Shot Blocked by Stephen Johns.
5:44 of 1st period - Shot by Daniel Sedin.
5:44 of 1st period - Stopped by Mike Condon with a rebound.
5:50 of 1st period - Dan Hamhuis is hit by Filip Forsberg and loses puck.
6:05 of 1st period - Shot by David Pastrnak.
6:05 of 1st period - Stopped by Scott Wedgewood without a rebound.
6:06 of 1st period - Patrik Berglund wins face-off versus Sean Monahan in Kings zone.
6:15 of 1st period - Shot by Patrik Berglund.
6:15 of 1st period - Shot Misses the Net.
6:21 of 1st period - Shot by Patrik Berglund.
6:21 of 1st period - Stopped by Mike Condon without a rebound.
6:22 of 1st period - Derek MacKenzie wins face-off versus Mikhail Grabovski in RedWings zone.
6:44 of 1st period - Shot by Derek MacKenzie.
6:44 of 1st period - Stopped by Mike Condon without a rebound.
6:45 of 1st period - Mikael Granlund wins face-off versus Sean Monahan in RedWings zone.
7:04 of 1st period - Shot by Victor Rask.
7:04 of 1st period - Shot Misses the Net.
7:13 of 1st period - Scott Hartnell is hit by Kevin Connauton and loses puck.
7:27 of 1st period - Minor Penalty to Scott Hartnell for Holding.
7:28 of 1st period - Derek MacKenzie wins face-off versus Vincent Lecavalier in Kings zone.
7:28 of 1st period - Derek MacKenzie is hit by Andrew Cogliano.
7:35 of 1st period - Off-side.
7:36 of 1st period - Derek MacKenzie wins face-off versus Erik Haula in neutral zone.
8:48 of 1st period - Shot by Vincent Lecavalier.
8:48 of 1st period - Shot Misses the Net.
8:50 of 1st period - Shot by Kevin Connauton.
8:50 of 1st period - Stopped by Scott Wedgewood without a rebound.
8:51 of 1st period - Derek MacKenzie wins face-off versus Vincent Lecavalier in Kings zone.
9:05 of 1st period - Icing by Paul Martin.
9:06 of 1st period - Vincent Lecavalier wins face-off versus Patrik Berglund in RedWings zone.
9:06 of 1st period - Vincent Lecavalier is hit by Daniel Sedin.
9:21 of 1st period - Icing by Zach Trotman.
9:22 of 1st period - Derek MacKenzie wins face-off versus Vincent Lecavalier in RedWings zone.
9:22 of 1st period - Derek MacKenzie is hit by Zach Trotman.
9:28 of 1st period - Shot by J.T. Brown.
9:28 of 1st period - Shot Misses the Net.
9:30 of 1st period - Shot by Fedor Tyutin.
9:30 of 1st period - Shot Blocked by Kevin Connauton.
9:32 of 1st period - Shot by Stephen Johns.
9:32 of 1st period - Deflect By Daniel Sedin.
9:32 of 1st period - Shot Misses the Net.
9:34 of 1st period - Shot by Fedor Tyutin.
9:34 of 1st period - Shot Blocked by Kevin Connauton.
10:06 of 1st period - Shot by Tomas Tatar.
10:06 of 1st period - Shot Misses the Net.
10:27 of 1st period - Shot by Mikhail Grabovski.
10:27 of 1st period - Stopped by Scott Wedgewood with a rebound.
10:37 of 1st period - Shot by Nikita Soshnikov.
10:37 of 1st period - Stopped by Mike Condon with a rebound.
10:46 of 1st period - Erik Haula is hit by Nikita Soshnikov and loses puck.
11:14 of 1st period - Off-side.
11:15 of 1st period - Mikael Granlund wins face-off versus Sean Monahan in neutral zone.
11:33 of 1st period - Icing by Eric Gryba.
11:34 of 1st period - Sean Monahan wins face-off versus Oscar Lindberg in RedWings zone.
12:01 of 1st period - Shot by Tomas Tatar.
12:01 of 1st period - Shot Blocked by Eric Gryba.
12:07 of 1st period - Shot by Loui Eriksson.
12:07 of 1st period - Stopped by Scott Wedgewood with a rebound.
12:30 of 1st period - Icing by Oscar Lindberg.
12:31 of 1st period - Tyler Toffoli wins face-off versus Oscar Lindberg in Kings zone.
12:34 of 1st period - Shot by Tyler Toffoli.
12:34 of 1st period - Shot Blocked by Stephen Johns.
12:36 of 1st period - Shot by Tyler Toffoli.
12:36 of 1st period - Stopped by Scott Wedgewood without a rebound.
12:37 of 1st period - Tyler Toffoli wins face-off versus Mikael Granlund in Kings zone.
12:40 of 1st period - Shot by Filip Forsberg.
12:40 of 1st period - Shot Misses the Net.
12:54 of 1st period - Shot by Scott Hartnell.
12:54 of 1st period - Stopped by Mike Condon without a rebound.
12:55 of 1st period - Vincent Lecavalier wins face-off versus Patrik Berglund in RedWings zone.
13:34 of 1st period - Shot by Nikita Soshnikov.
13:34 of 1st period - Shot Misses the Net.
13:55 of 1st period - Mikael Granlund is hit by Kevin Connauton and loses puck.
14:02 of 1st period - Shot by Victor Rask.
14:02 of 1st period - Shot Misses the Net.
14:04 of 1st period - Shot by Dan Hamhuis.
14:04 of 1st period - Goal by Dan Hamhuis - RedWings : 0 - Kings : 1.
14:05 of 1st period - Oscar Lindberg wins face-off versus Loui Eriksson in neutral zone.
14:34 of 1st period - Shot by Oscar Lindberg.
14:34 of 1st period - Goal by Oscar Lindberg - RedWings : 0 - Kings : 2.
14:35 of 1st period - Mikael Granlund wins face-off versus Tyler Toffoli in neutral zone.
14:35 of 1st period - Mikael Granlund is hit by Tyler Toffoli.
14:38 of 1st period - Off-side.
14:39 of 1st period - Mikael Granlund wins face-off versus Tyler Toffoli in neutral zone.
14:47 of 1st period - Icing by Mikael Granlund.
14:48 of 1st period - Tyler Toffoli wins face-off versus Mikael Granlund in Kings zone.
14:53 of 1st period - Shot by Tyler Toffoli.
14:53 of 1st period - Stopped by Scott Wedgewood without a rebound.
14:54 of 1st period - Oscar Lindberg wins face-off versus Tyler Toffoli in Kings zone.
14:54 of 1st period - Daniel Sedin is hit by Filip Forsberg and loses puck.
15:13 of 1st period - Shot by Filip Forsberg.
15:13 of 1st period - Stopped by Scott Wedgewood with a rebound.
15:15 of 1st period - Shot by Paul Martin.
15:15 of 1st period - Stopped by Scott Wedgewood with a rebound.
15:54 of 1st period - Loui Eriksson is hit by Fedor Tyutin and loses puck.
16:17 of 1st period - Icing by Stephen Johns.
16:18 of 1st period - Mikael Granlund wins face-off versus Mikhail Grabovski in Kings zone.
16:18 of 1st period - Mikael Granlund is hit by Mikhail Grabovski.
16:23 of 1st period - Scott Hartnell is hit by Alexandre Burrows and loses puck.
16:30 of 1st period - Shot by Victor Rask.
16:30 of 1st period - Stopped by Mike Condon without a rebound.
16:31 of 1st period - Patrik Berglund wins face-off versus Vincent Lecavalier in RedWings zone.
16:50 of 1st period - Zach Trotman is hit by Nikita Soshnikov and loses puck.
17:01 of 1st period - Shot by Chris Kunitz.
17:01 of 1st period - Stopped by Mike Condon with a rebound.
17:08 of 1st period - Andrew Cogliano is hit by Nikita Soshnikov and loses puck.
17:13 of 1st period - Andrew Cogliano is hit by Chris Kunitz and loses puck.
17:58 of 1st period - Icing by Andrew Campbell.
17:59 of 1st period - Tyler Toffoli wins face-off versus Mikael Granlund in RedWings zone.
18:20 of 1st period - Shot by Jonathan Drouin.
18:20 of 1st period - Deflect By Filip Forsberg.
18:20 of 1st period - Stopped by Scott Wedgewood without a rebound.
18:21 of 1st period - Derek MacKenzie wins face-off versus Sean Monahan in Kings zone.
18:57 of 1st period - Shot by J.T. Brown.
18:57 of 1st period - Deflect By Derek MacKenzie.
18:57 of 1st period - Shot Blocked by Kevin Connauton.
19:08 of 1st period - Icing by Thomas Hickey.
19:09 of 1st period - Oscar Lindberg wins face-off versus Loui Eriksson in RedWings zone.
19:20 of 1st period - Shot by Daniel Sedin.
19:20 of 1st period - Shot Misses the Net.
19:40 of 1st period - Shot by Tomas Tatar.
19:40 of 1st period - Stopped by Mike Condon with a rebound.
19:42 of 1st period - Shot by Niklas Kronwall.
19:42 of 1st period - Goal by Niklas Kronwall - RedWings : 0 - Kings : 3.
19:43 of 1st period - Mikael Granlund wins face-off versus Tyler Toffoli in neutral zone.
Goals for this period are 0 for RedWings vs 3 for Kings.
Shots for this period are 10 for RedWings vs 14 for Kings.

2nd period


0:01 of 2nd period - Oscar Lindberg wins face-off versus Mikhail Grabovski in neutral zone.
0:01 of 2nd period - Oscar Lindberg is hit by Alexandre Burrows.
0:09 of 2nd period - Shot by Daniel Sedin.
0:09 of 2nd period - Shot Blocked by Paul Martin.
0:24 of 2nd period - Icing by Dan Hamhuis.
0:25 of 2nd period - Tyler Toffoli wins face-off versus Oscar Lindberg in Kings zone.
0:28 of 2nd period - Shot by Tyler Toffoli.
0:28 of 2nd period - Deflect By Filip Forsberg.
0:28 of 2nd period - Stopped by Scott Wedgewood with a rebound.
0:32 of 2nd period - Shot by Filip Forsberg.
0:32 of 2nd period - Shot Blocked by Dan Hamhuis.
0:34 of 2nd period - Shot by Jonathan Drouin.
0:34 of 2nd period - Shot Blocked by Tomas Tatar.
0:48 of 2nd period - Shot by Jonathan Drouin.
0:48 of 2nd period - Stopped by Scott Wedgewood with a rebound.
0:50 of 2nd period - Shot by Eric Gryba.
0:50 of 2nd period - Shot Misses the Net.
0:52 of 2nd period - Shot by Tyler Toffoli.
0:52 of 2nd period - Stopped by Scott Wedgewood with a rebound.
1:04 of 2nd period - Shot by Jonathan Drouin.
1:04 of 2nd period - Shot Misses the Net.
1:36 of 2nd period - Shot by Loui Eriksson.
1:36 of 2nd period - Shot Misses the Net.
1:46 of 2nd period - Shot by Loui Eriksson.
1:46 of 2nd period - Stopped by Scott Wedgewood without a rebound.
1:47 of 2nd period - Patrik Berglund wins face-off versus Mikhail Grabovski in Kings zone.
1:53 of 2nd period - Icing by Nikita Soshnikov.
1:54 of 2nd period - Mikhail Grabovski wins face-off versus Patrik Berglund in Kings zone.
1:55 of 2nd period - Shot by Erik Haula.
1:55 of 2nd period - Stopped by Scott Wedgewood without a rebound.
1:56 of 2nd period - Mikhail Grabovski wins face-off versus Mikael Granlund in Kings zone.
2:12 of 2nd period - Shot by Mikael Granlund.
2:12 of 2nd period - Shot Misses the Net.
2:22 of 2nd period - Shot by Scott Hartnell.
2:22 of 2nd period - Shot Misses the Net.
2:50 of 2nd period - Shot by Patrik Berglund.
2:50 of 2nd period - Goal by Patrik Berglund - RedWings : 0 - Kings : 4.
2:51 of 2nd period - Oscar Lindberg wins face-off versus Tyler Toffoli in neutral zone.
3:05 of 2nd period - Shot by Filip Forsberg.
3:05 of 2nd period - Stopped by Scott Wedgewood without a rebound.
3:06 of 2nd period - Sean Monahan wins face-off versus Nikita Soshnikov in Kings zone.
3:07 of 2nd period - Shot by Loui Eriksson.
3:07 of 2nd period - Stopped by Scott Wedgewood without a rebound.
3:08 of 2nd period - Sean Monahan wins face-off versus Daniel Sedin in Kings zone.
3:27 of 2nd period - Zach Trotman is hit by Oscar Lindberg and loses puck.
3:39 of 2nd period - Loui Eriksson is hit by Niklas Kronwall.
3:46 of 2nd period - Minor Penalty to Oscar Lindberg for Cross-checking.
3:47 of 2nd period - Derek MacKenzie wins face-off versus Vincent Lecavalier in Kings zone.
3:58 of 2nd period - Derek MacKenzie is hit by Andrew Cogliano and loses puck.
4:46 of 2nd period - Shot by David Pastrnak.
4:46 of 2nd period - Deflect By Filip Forsberg.
4:46 of 2nd period - Shot Misses the Net.
4:48 of 2nd period - Shot by Zach Trotman.
4:48 of 2nd period - Stopped by Scott Wedgewood without a rebound.
4:49 of 2nd period - Derek MacKenzie wins face-off versus Erik Haula in Kings zone.
4:58 of 2nd period - Shot by Paul Martin.
4:58 of 2nd period - Stopped by Scott Wedgewood with a rebound.
5:12 of 2nd period - Shot by Filip Forsberg.
5:12 of 2nd period - Stopped by Scott Wedgewood without a rebound.
5:13 of 2nd period - Patrik Berglund wins face-off versus Vincent Lecavalier in Kings zone.
5:30 of 2nd period - Shot by Loui Eriksson.
5:30 of 2nd period - Stopped by Scott Wedgewood without a rebound.
5:31 of 2nd period - Erik Haula wins face-off versus Derek MacKenzie in Kings zone.
5:44 of 2nd period - Shot by Filip Forsberg.
5:44 of 2nd period - Shot Hit the Post.
5:46 of 2nd period - Shot by Zach Trotman.
5:46 of 2nd period - Stopped by Scott Wedgewood without a rebound.
5:47 of 2nd period - Andrew Cogliano wins face-off versus Mikael Granlund in Kings zone.
5:54 of 2nd period - Shot by Andrew Cogliano.
5:54 of 2nd period - Stopped by Scott Wedgewood without a rebound.
5:55 of 2nd period - Mikael Granlund wins face-off versus Tyler Toffoli in Kings zone.
6:04 of 2nd period - Shot by Filip Forsberg.
6:04 of 2nd period - Goal by Filip Forsberg - RedWings : 1 - Kings : 4.
6:05 of 2nd period - David Pastrnak wins face-off versus Oscar Lindberg in neutral zone.
6:11 of 2nd period - Minor Penalty to Niklas Kronwall for Holding.
6:12 of 2nd period - Derek MacKenzie wins face-off versus Vincent Lecavalier in Kings zone.
6:31 of 2nd period - Shot by Loui Eriksson.
6:31 of 2nd period - Stopped by Scott Wedgewood without a rebound.
6:32 of 2nd period - Derek MacKenzie wins face-off versus Erik Haula in Kings zone.
6:51 of 2nd period - Shot by David Pastrnak.
6:51 of 2nd period - Shot Misses the Net.
6:53 of 2nd period - Shot by Erik Haula.
6:53 of 2nd period - Shot Misses the Net.
6:55 of 2nd period - Shot by Kevin Connauton.
6:55 of 2nd period - Shot Misses the Net.
7:03 of 2nd period - Shot by Andrew Campbell.
7:03 of 2nd period - Stopped by Scott Wedgewood with a rebound.
7:05 of 2nd period - Shot by Erik Haula.
7:05 of 2nd period - Deflect By David Pastrnak.
7:05 of 2nd period - Shot Misses the Net.
7:07 of 2nd period - Shot by Filip Forsberg.
7:07 of 2nd period - Stopped by Scott Wedgewood without a rebound.
7:08 of 2nd period - Daniel Sedin wins face-off versus Vincent Lecavalier in Kings zone.
7:08 of 2nd period - Daniel Sedin is hit by Andrew Cogliano.
7:20 of 2nd period - Shot by Andrew Cogliano.
7:20 of 2nd period - Shot Misses the Net.
7:22 of 2nd period - Shot by Zach Trotman.
7:22 of 2nd period - Stopped by Scott Wedgewood without a rebound.
7:23 of 2nd period - Derek MacKenzie wins face-off versus Vincent Lecavalier in Kings zone.
8:44 of 2nd period - Jonathan Drouin is hit by Scott Hartnell and loses puck.
9:13 of 2nd period - Alexandre Burrows is hit by Stephen Johns and loses puck.
9:20 of 2nd period - Shot by Mikhail Grabovski.
9:20 of 2nd period - Stopped by Scott Wedgewood without a rebound.
9:21 of 2nd period - Oscar Lindberg wins face-off versus Sean Monahan in Kings zone.
9:25 of 2nd period - Icing by Tomas Tatar.
9:26 of 2nd period - Sean Monahan wins face-off versus Oscar Lindberg in Kings zone.
10:17 of 2nd period - Off-side.
10:18 of 2nd period - Tyler Toffoli wins face-off versus Patrik Berglund in neutral zone.
10:21 of 2nd period - Shot by Filip Forsberg.
10:21 of 2nd period - Shot Misses the Net.
11:16 of 2nd period - Icing by Andrew Campbell.
11:17 of 2nd period - Mikael Granlund wins face-off versus Tyler Toffoli in RedWings zone.
13:06 of 2nd period - Off-side.
13:07 of 2nd period - Vincent Lecavalier wins face-off versus Patrik Berglund in neutral zone.
13:16 of 2nd period - Shot by Vincent Lecavalier.
13:16 of 2nd period - Shot Misses the Net.
13:50 of 2nd period - Paul Martin is hit by Chris Kunitz and loses puck.
14:34 of 2nd period - Minor Penalty to Scott Hartnell for Diving.
14:35 of 2nd period - Derek MacKenzie wins face-off versus Erik Haula in Kings zone.
14:55 of 2nd period - Shot by Filip Forsberg.
14:55 of 2nd period - Shot Blocked by Cody Goloubef.
14:57 of 2nd period - Shot by Filip Forsberg.
14:57 of 2nd period - Stopped by Scott Wedgewood without a rebound.
14:58 of 2nd period - Derek MacKenzie wins face-off versus Vincent Lecavalier in Kings zone.
15:06 of 2nd period - Andrew Cogliano is hit by Derek MacKenzie and loses puck.
15:19 of 2nd period - Shot by Andrew Cogliano.
15:19 of 2nd period - Shot Misses the Net.
15:21 of 2nd period - Shot by Kevin Connauton.
15:21 of 2nd period - Shot Blocked by J.T. Brown.
15:23 of 2nd period - Shot by Loui Eriksson.
15:23 of 2nd period - Shot Blocked by Dan Hamhuis.
15:25 of 2nd period - Shot by Andrew Cogliano.
15:25 of 2nd period - Shot Misses the Net.
15:27 of 2nd period - Shot by Kevin Connauton.
15:27 of 2nd period - Stopped by Scott Wedgewood without a rebound.
15:28 of 2nd period - Patrik Berglund wins face-off versus Erik Haula in Kings zone.
15:49 of 2nd period - Shot by Erik Haula.
15:49 of 2nd period - Stopped by Scott Wedgewood without a rebound.
15:50 of 2nd period - Vincent Lecavalier wins face-off versus Derek MacKenzie in Kings zone.
16:06 of 2nd period - Off-side.
16:07 of 2nd period - Derek MacKenzie wins face-off versus Erik Haula in neutral zone.
16:07 of 2nd period - Derek MacKenzie is hit by David Pastrnak.
16:11 of 2nd period - Shot by J.T. Brown.
16:11 of 2nd period - Deflect By Derek MacKenzie.
16:11 of 2nd period - Shot Misses the Net.
16:17 of 2nd period - Shot by Andrew Campbell.
16:17 of 2nd period - Stopped by Scott Wedgewood without a rebound.
16:18 of 2nd period - Derek MacKenzie wins face-off versus Erik Haula in Kings zone.
16:39 of 2nd period - Shot by Filip Forsberg.
16:39 of 2nd period - Stopped by Scott Wedgewood without a rebound.
16:39 of 2nd period - Minor Penalty to Fedor Tyutin for Holding Stick.
16:40 of 2nd period - Vincent Lecavalier wins face-off versus Derek MacKenzie in Kings zone.
16:41 of 2nd period - Shot by Loui Eriksson.
16:41 of 2nd period - Shot Misses the Net.
16:43 of 2nd period - Shot by Paul Martin.
16:43 of 2nd period - Stopped by Scott Wedgewood without a rebound.
16:44 of 2nd period - Derek MacKenzie wins face-off versus Vincent Lecavalier in Kings zone.
16:53 of 2nd period - Shot by Vincent Lecavalier.
16:53 of 2nd period - Shot Blocked by Dan Hamhuis.
18:48 of 2nd period - Jonathan Drouin is hit by Fedor Tyutin.
18:58 of 2nd period - Shot by Thomas Hickey.
18:58 of 2nd period - Shot Misses the Net.
19:07 of 2nd period - Minor Penalty to Fedor Tyutin for Goalie Interference.
19:08 of 2nd period - Vincent Lecavalier wins face-off versus Patrik Berglund in Kings zone.
19:28 of 2nd period - Icing by Loui Eriksson.
19:29 of 2nd period - J.T. Brown wins face-off versus Vincent Lecavalier in RedWings zone.
19:29 of 2nd period - J.T. Brown is hit by Kevin Connauton.
19:31 of 2nd period - Shot by Derek MacKenzie.
19:31 of 2nd period - Shot Blocked by Kevin Connauton.
19:33 of 2nd period - Shot by J.T. Brown.
19:33 of 2nd period - Shot Misses the Net.
19:35 of 2nd period - Shot by Dan Hamhuis.
19:35 of 2nd period - Shot Misses the Net.
19:36 of 2nd period - Minor Penalty to Kevin Connauton for Hooking.
19:37 of 2nd period - Andrew Cogliano wins face-off versus Daniel Sedin in RedWings zone.
19:52 of 2nd period - Shot by Patrik Berglund.
19:52 of 2nd period - Shot Blocked by Andrew Cogliano.
19:54 of 2nd period - Shot by Patrik Berglund.
19:54 of 2nd period - Stopped by Mike Condon without a rebound.
19:55 of 2nd period - Patrik Berglund wins face-off versus Andrew Cogliano in RedWings zone.
Goals for this period are 1 for RedWings vs 1 for Kings.
Shots for this period are 25 for RedWings vs 2 for Kings.

3rd period


0:01 of 3rd period - Andrew Cogliano wins face-off versus Patrik Berglund in neutral zone.
0:09 of 3rd period - Icing by Dan Hamhuis.
0:10 of 3rd period - Andrew Cogliano wins face-off versus Patrik Berglund in Kings zone.
0:36 of 3rd period - Shot by Patrik Berglund.
0:36 of 3rd period - Shot Blocked by Paul Martin.
0:40 of 3rd period - Shot by Daniel Sedin.
0:40 of 3rd period - Stopped by Mike Condon with a rebound.
0:42 of 3rd period - Shot by Patrik Berglund.
0:42 of 3rd period - Shot Misses the Net.
0:48 of 3rd period - Shot by Patrik Berglund.
0:48 of 3rd period - Stopped by Mike Condon without a rebound.
0:49 of 3rd period - Filip Forsberg wins face-off versus Patrik Berglund in RedWings zone.
1:02 of 3rd period - Shot by Filip Forsberg.
1:02 of 3rd period - Shot Misses the Net.
1:08 of 3rd period - Erik Haula is hit by Derek MacKenzie and loses puck.
1:23 of 3rd period - Shot by Tomas Tatar.
1:23 of 3rd period - Shot Misses the Net.
1:25 of 3rd period - Shot by Scott Hartnell.
1:25 of 3rd period - Deflect By Chris Kunitz.
1:25 of 3rd period - Shot Misses the Net.
1:31 of 3rd period - Shot by Chris Kunitz.
1:31 of 3rd period - Stopped by Mike Condon without a rebound.
1:32 of 3rd period - Erik Haula wins face-off versus Mikael Granlund in RedWings zone.
1:48 of 3rd period - Shot by Loui Eriksson.
1:48 of 3rd period - Stopped by Scott Wedgewood without a rebound.
1:49 of 3rd period - Mikael Granlund wins face-off versus Tyler Toffoli in Kings zone.
1:58 of 3rd period - Icing by Zach Trotman.
1:59 of 3rd period - Tyler Toffoli wins face-off versus Oscar Lindberg in RedWings zone.
1:59 of 3rd period - Eric Gryba is hit by Oscar Lindberg and loses puck.
2:25 of 3rd period - Minor Penalty to Filip Forsberg for Delaying the game.
2:26 of 3rd period - Mikael Granlund wins face-off versus Erik Haula in RedWings zone.
2:35 of 3rd period - Shot by Victor Rask.
2:35 of 3rd period - Shot Blocked by Kevin Connauton.
2:37 of 3rd period - Shot by Patrik Berglund.
2:37 of 3rd period - Goal by Patrik Berglund - RedWings : 1 - Kings : 5.
2:37 of 3rd period - Roberto Luongo enters game.
2:38 of 3rd period - Patrik Berglund wins face-off versus David Pastrnak in neutral zone.
2:41 of 3rd period - Paul Martin is hit by Chris Kunitz and loses puck.
2:46 of 3rd period - Shot by Nikita Soshnikov.
2:46 of 3rd period - Stopped by Roberto Luongo without a rebound.
2:47 of 3rd period - Oscar Lindberg wins face-off versus Sean Monahan in RedWings zone.
2:55 of 3rd period - Off-side.
2:56 of 3rd period - Oscar Lindberg wins face-off versus Loui Eriksson in neutral zone.
2:59 of 3rd period - Sean Monahan is hit by Oscar Lindberg and loses puck.
3:24 of 3rd period - Shot by David Pastrnak.
3:24 of 3rd period - Shot Blocked by Dan Hamhuis.
4:09 of 3rd period - Shot by Filip Forsberg.
4:09 of 3rd period - Deflect By Tyler Toffoli.
4:09 of 3rd period - Shot Misses the Net.
4:11 of 3rd period - Shot by Tyler Toffoli.
4:11 of 3rd period - Stopped by Scott Wedgewood without a rebound.
4:12 of 3rd period - Mikhail Grabovski wins face-off versus Patrik Berglund in Kings zone.
4:35 of 3rd period - Shot by Alexandre Burrows.
4:35 of 3rd period - Stopped by Scott Wedgewood with a rebound.
4:38 of 3rd period - Icing by Patrik Berglund.
4:39 of 3rd period - Patrik Berglund wins face-off versus Tyler Toffoli in Kings zone.
4:39 of 3rd period - Patrik Berglund is hit by Filip Forsberg.
4:52 of 3rd period - Tyler Toffoli is hit by Evgeny Medvedev and loses puck.
5:04 of 3rd period - Minor Penalty to Eric Gryba for Holding.
5:05 of 3rd period - Erik Haula wins face-off versus Derek MacKenzie in RedWings zone.
5:16 of 3rd period - Shot by Daniel Sedin.
5:16 of 3rd period - Stopped by Roberto Luongo with a rebound.
5:18 of 3rd period - Shot by Scott Hartnell.
5:18 of 3rd period - Deflect By Derek MacKenzie.
5:18 of 3rd period - Stopped by Roberto Luongo without a rebound.
5:19 of 3rd period - Scott Hartnell wins face-off versus Erik Haula in RedWings zone.
5:56 of 3rd period - Shot by Scott Hartnell.
5:56 of 3rd period - Stopped by Roberto Luongo with a rebound.
6:34 of 3rd period - Shot by Tomas Tatar.
6:34 of 3rd period - Stopped by Roberto Luongo without a rebound.
6:35 of 3rd period - Andrew Cogliano wins face-off versus Mikael Granlund in RedWings zone.
6:45 of 3rd period - Off-side.
6:46 of 3rd period - Derek MacKenzie wins face-off versus Erik Haula in neutral zone.
6:49 of 3rd period - Zach Trotman is hit by Scott Hartnell and loses puck.
6:56 of 3rd period - Shot by Daniel Sedin.
6:56 of 3rd period - Deflect By Derek MacKenzie.
6:56 of 3rd period - Shot Misses the Net.
7:10 of 3rd period - Shot by Nikita Soshnikov.
7:10 of 3rd period - Shot Misses the Net.
8:12 of 3rd period - Tyler Toffoli is hit by Oscar Lindberg and loses puck.
8:31 of 3rd period - Shot by Tomas Tatar.
8:31 of 3rd period - Deflect By Daniel Sedin.
8:31 of 3rd period - Shot Misses the Net.
9:13 of 3rd period - Shot by Victor Rask.
9:13 of 3rd period - Deflect By Scott Hartnell.
9:13 of 3rd period - Stopped by Roberto Luongo without a rebound.
9:14 of 3rd period - Derek MacKenzie wins face-off versus Vincent Lecavalier in RedWings zone.
9:14 of 3rd period - Derek MacKenzie is hit by Kevin Connauton.
9:18 of 3rd period - Shot by J.T. Brown.
9:18 of 3rd period - Stopped by Roberto Luongo without a rebound.
9:19 of 3rd period - Vincent Lecavalier wins face-off versus Mikael Granlund in RedWings zone.
9:25 of 3rd period - Thomas Hickey is hit by Scott Hartnell and loses puck.
11:15 of 3rd period - Shot by Zemgus Girgensons.
11:15 of 3rd period - Shot Misses the Net.
11:17 of 3rd period - Shot by Niklas Kronwall.
11:17 of 3rd period - Goal by Niklas Kronwall - RedWings : 1 - Kings : 6.
11:18 of 3rd period - Tyler Toffoli wins face-off versus Oscar Lindberg in neutral zone.
11:18 of 3rd period - Eric Gryba is hit by Oscar Lindberg and loses puck.
11:41 of 3rd period - Shot by Jonathan Drouin.
11:41 of 3rd period - Stopped by Scott Wedgewood without a rebound.
11:42 of 3rd period - Victor Rask wins face-off versus David Pastrnak in Kings zone.
11:42 of 3rd period - Mikael Granlund is hit by Sean Monahan.
11:45 of 3rd period - Victor Rask is hit by Paul Martin and loses puck.
11:50 of 3rd period - Shot by Mikael Granlund.
11:50 of 3rd period - Shot Misses the Net.
11:52 of 3rd period - Shot by Niklas Kronwall.
11:52 of 3rd period - Shot Misses the Net.
11:54 of 3rd period - Shot by Mikael Granlund.
11:54 of 3rd period - Shot Blocked by Paul Martin.
12:21 of 3rd period - Shot by Sean Monahan.
12:21 of 3rd period - Deflect By David Pastrnak.
12:21 of 3rd period - Stopped by Scott Wedgewood without a rebound.
12:22 of 3rd period - Tyler Toffoli wins face-off versus Oscar Lindberg in Kings zone.
12:23 of 3rd period - Shot by Filip Forsberg.
12:23 of 3rd period - Shot Misses the Net.
12:25 of 3rd period - Shot by Zach Trotman.
12:25 of 3rd period - Shot Misses the Net.
12:27 of 3rd period - Shot by Eric Gryba.
12:27 of 3rd period - Shot Misses the Net.
12:45 of 3rd period - Shot by Filip Forsberg.
12:45 of 3rd period - Stopped by Scott Wedgewood without a rebound.
12:46 of 3rd period - Mikhail Grabovski wins face-off versus Derek MacKenzie in Kings zone.
12:52 of 3rd period - Off-side.
12:53 of 3rd period - Mikael Granlund wins face-off versus Sean Monahan in neutral zone.
12:53 of 3rd period - Dan Hamhuis is hit by Loui Eriksson and loses puck.
13:02 of 3rd period - Shot by David Pastrnak.
13:02 of 3rd period - Stopped by Scott Wedgewood with a rebound.
13:06 of 3rd period - Shot by Loui Eriksson.
13:06 of 3rd period - Shot Misses the Net.
13:10 of 3rd period - Shot by David Pastrnak.
13:10 of 3rd period - Stopped by Scott Wedgewood without a rebound.
13:11 of 3rd period - Tyler Toffoli wins face-off versus Oscar Lindberg in Kings zone.
13:46 of 3rd period - Shot by Daniel Sedin.
13:46 of 3rd period - Stopped by Roberto Luongo without a rebound.
13:47 of 3rd period - Mikael Granlund wins face-off versus Sean Monahan in RedWings zone.
13:48 of 3rd period - Shot by Victor Rask.
13:48 of 3rd period - Stopped by Roberto Luongo without a rebound.
13:49 of 3rd period - Mikael Granlund wins face-off versus David Pastrnak in RedWings zone.
13:50 of 3rd period - Shot by Scott Hartnell.
13:50 of 3rd period - Stopped by Roberto Luongo without a rebound.
13:51 of 3rd period - Mikael Granlund wins face-off versus Sean Monahan in RedWings zone.
13:52 of 3rd period - Shot by Victor Rask.
13:52 of 3rd period - Stopped by Roberto Luongo without a rebound.
13:53 of 3rd period - Sean Monahan wins face-off versus Oscar Lindberg in RedWings zone.
15:02 of 3rd period - Shot by Tyler Toffoli.
15:02 of 3rd period - Shot Blocked by Fedor Tyutin.
15:28 of 3rd period - Shot by Filip Forsberg.
15:28 of 3rd period - Shot Misses the Net.
15:30 of 3rd period - Shot by Thomas Hickey.
15:30 of 3rd period - Stopped by Scott Wedgewood without a rebound.
15:31 of 3rd period - Patrik Berglund wins face-off versus Mikhail Grabovski in Kings zone.
15:40 of 3rd period - Shot by Nikita Soshnikov.
15:40 of 3rd period - Shot Misses the Net.
15:52 of 3rd period - Shot by Erik Haula.
15:52 of 3rd period - Goal by Erik Haula - RedWings : 2 - Kings : 6.
15:53 of 3rd period - Vincent Lecavalier wins face-off versus Derek MacKenzie in neutral zone.
15:55 of 3rd period - Off-side.
15:56 of 3rd period - Tyler Toffoli wins face-off versus Oscar Lindberg in neutral zone.
17:55 of 3rd period - Shot by Sean Monahan.
17:55 of 3rd period - Stopped by Scott Wedgewood without a rebound.
17:56 of 3rd period - Patrik Berglund wins face-off versus Mikhail Grabovski in Kings zone.
18:03 of 3rd period - Shot by Alexandre Burrows.
18:03 of 3rd period - Goal by Alexandre Burrows - RedWings : 3 - Kings : 6.
18:04 of 3rd period - Mikhail Grabovski wins face-off versus Oscar Lindberg in neutral zone.
18:14 of 3rd period - Minor Penalty to Oscar Lindberg for Slashing.
18:15 of 3rd period - Vincent Lecavalier wins face-off versus Derek MacKenzie in Kings zone.
18:22 of 3rd period - Shot by Loui Eriksson.
18:22 of 3rd period - Goal by Loui Eriksson - RedWings : 4 - Kings : 6.
18:23 of 3rd period - Mikhail Grabovski wins face-off versus Oscar Lindberg in neutral zone.
18:23 of 3rd period - Minor Penalty to Oscar Lindberg for High sticking.
18:24 of 3rd period - J.T. Brown wins face-off versus Vincent Lecavalier in Kings zone.
18:32 of 3rd period - Off-side.
18:33 of 3rd period - Derek MacKenzie wins face-off versus Vincent Lecavalier in neutral zone.
19:23 of 3rd period - Minor Penalty to Filip Forsberg for Holding.
19:24 of 3rd period - Andrew Cogliano wins face-off versus Patrik Berglund in RedWings zone.
19:42 of 3rd period - Shot by Erik Haula.
19:42 of 3rd period - Stopped by Scott Wedgewood with a rebound.
Goals for this period are 3 for RedWings vs 2 for Kings.
Shots for this period are 14 for RedWings vs 16 for Kings.